 Dungeon Crawl Stone Soup version 0.22-a0-750-ga7dcef7 (webtiles) character file.

112 Mamutox the Ruffian (level 4, -2/44 HPs)
             Began as a Troll Chaos Knight on July 15, 2018.
             Slain by a gnoll (8 damage)
             ... on level 3 of the Dungeon.
             The game lasted 00:03:41 (1456 turns).

Mamutox the Ruffian (Troll Chaos Knight)            Turns: 1456, Time: 00:03:42

Health: -2/44      AC:  7    Str: 20    XL:     4   Next: 63%
Magic:  12/12      EV: 10    Int:  8    God:    Xom [..*...]
Gold:   84         SH:  0    Dex: 12    Spells: 3/3 levels left

rFire    . . .     SeeInvis .     - Unarmed
rCold    . . .     Gourm    +   (no shield)
rNeg     . . .     Faith    .   a - +2 robe
rPois    .         Spirit   .   (helmet restricted)
rElec    +         Reflect  .   (no cloak)
rCorr    .         Harm     .   (gloves unavailable)
MR       .....                  (boots unavailable)
Stlth    ++........             f - amulet of rage
HPRegen  0.54/turn              l - ring of magical power
MPRegen  0.13/turn              (no ring)

@: very slightly contaminated
A: large, unfitting armour, claws 3, thin skeletal structure 1, fast metabolism
3, gourmand, regeneration 1, shaggy fur 1, electricity resistance, tough skin 2
a: Renounce Religion, Evoke Berserk Rage


You were on level 3 of the Dungeon.
You worshipped Xom.
You were a toy of Xom.
You were completely stuffed.

You visited 1 branch of the dungeon, and saw 3 of its levels.

You collected 84 gold pieces.

Inventory:

Missiles
 h - 4 tomahawks (quivered)
 n - a throwing net
Armour
 a - a +2 robe (worn)
Jewellery
 f - an amulet of rage (around neck)
 l - a ring of magical power (left claw)
Scrolls
 c - a scroll of teleportation {unknown}
 g - a scroll of identify {unknown}
 i - a scroll of enchant weapon {unknown}
 m - a scroll of remove curse {unknown}
Potions
 d - 2 potions of lignification {unknown}
 e - a potion of magic {unknown}
 j - a potion of brilliance {unknown}
 k - a potion of curing {unknown}
 o - a potion of flight {unknown}
 q - a potion of haste {unknown}
Comestibles
 b - 4 rations
 p - 8 chunks of flesh


   Skills:
 - Level 2.5 Fighting
 - Level 2.0 Dodging
 + Level 5.3 Unarmed Combat


You had 3 spell levels left.
You didn't know any spells.
Your spell library was empty.

Dungeon Overview and Level Annotations

Branches:
Dungeon (3/15)

Altars:


Innate Abilities, Weirdness & Mutations

You are too large for most types of armour.
You have claws for hands.
Your metabolism is lightning-fast.
You like to eat raw meat.
Your natural rate of healing is unusually fast.
You are covered in fur. (AC +1)
You have very tough skin. (AC +2)
You have a somewhat thin skeletal structure. (Dex +2, Stealth)
You are resistant to electric shocks. (rElec)


Message History

The gnoll hits you but does no damage.
There is an open door here.
You see here a worm corpse.
You barely miss the gnoll.
The gnoll is severely wounded.
The gnoll hits you but does no damage. The gnoll closely misses you.
The gnoll hits you.
You completely miss the gnoll.
The gnoll is severely wounded.
The spatial vortex hits the plant but does no damage.
The gnoll hits you with a club!
* * * LOW HITPOINT WARNING * * *
The gnoll barely misses you. The gnoll closely misses you.
You scratch the gnoll but do no damage.
The gnoll is severely wounded.
The gnoll hits you with a club.
* * * LOW HITPOINT WARNING * * *
The gnoll misses you. The gnoll hits you!
You die...

#.# #P...)..#
#.###..#.P..#
#.##...#...##
#.##..)#♣..#
#......#####
#......####
####8Pv#..♣#
#...#.8.##
##Pg#@..P#
#..†g._⌠#
#.g#P.P.#
#.P#...##
##.#.♣.#
#.##### ###


You could see 2 gnolls.

Vanquished Creatures
  An iguana (D:2)
  A worker ant (D:3)
  An adder (D:2)
  2 worms
  2 dart slugs
  An orc (D:2)
  A giant cockroach (D:3)
  5 goblins
  3 hobgoblins
  11 kobolds
  A quokka (D:2)
  4 bats
  6 frilled lizards
  9 rats
48 creatures vanquished.

Notes
Turn   | Place    | Note
-------+----------+-------------------------------------------
     0 | D:1      | Mamutox the Troll Chaos Knight began the quest for the Orb.
     0 | D:1      | Reached XP level 1. HP: 22/22 MP: 0/0
    81 | D:1      | XOM: harmless Erth miscast
    89 | D:1      | Reached XP level 2. HP: 29/29 MP: 1/1
   336 | D:1      | XOM: give mutations
   336 | D:1      | Gained mutation: You are resistant to electric shocks. (rElec) [Xom's grace]
   336 | D:1      | Gained mutation: You have a somewhat thin skeletal structure. (Dex +2, Stealth) [Xom's grace]
   597 | D:1      | XOM: harmless Pois miscast
   906 | D:2      | Reached skill level 4 in Unarmed Combat
   977 | D:2      | Reached XP level 3. HP: 35/36 MP: 2/2
  1182 | D:2      | Reached XP level 4. HP: 20/44 MP: 3/3
  1238 | D:2      | XOM: potion effect (invisibility)
  1375 | D:3      | Reached skill level 5 in Unarmed Combat
  1439 | D:3      | Found a faded altar of an unknown god.
  1443 | D:3      | XOM: mild Tloc miscast
  1444 | D:3      | Noticed a spatial vortex
  1456 | D:3      | Slain by a gnoll

Vault maps used:
D:1:      scummos_arrival_checkerplants
D:2:      first_ration, nrook_mini_backslash
D:3:      chequers_ecumenical_altar_lobes, uniq_terence

Skill      XL: |  1  2  3  4 |
---------------+-------------+-----
Dodging        | 2 |  2.0
Unarmed Combat | 4 5 |  5.3
Fighting       | |  2.5

Action                   |  1- 3 |  4- 6 || total
-------------------------+-------+-------++-------
Melee: Unarmed           |    76 |    33 ||   109
       Punch             |     1 |     1 ||     2
 Stab: Sleeping          |     4 |     2 ||     6
  Eat: Chunk             |    16 |     3 ||    19
Armor: Robe              |    24 |     3 ||    27
Dodge: Dodged            |    51 |    22 ||    73

Table legend:
 A = Spawn XP
 B = Non-spawn XP
 C = Spawn XP percentage of total XP
 D = Spawn monster count
 E = Non-spawn monster count
 F = Spawn count percentage of total count
 G = Total turns spent on level
                    A         B        C        D         E        F      G
               +---------+---------+-------+---------+---------+-------+---------
         Total |       0 |     160 |   0.0 |       0 |      48 |   0.0 |  1456
               +---------+---------+-------+---------+---------+-------+---------
           D:1 |       0 |      31 |   0.0 |       0 |      21 |   0.0 |   768
           D:2 |       0 |      81 |   0.0 |       0 |      20 |   0.0 |   570
           D:3 |       0 |      48 |   0.0 |       0 |       7 |   0.0 |   118
               +---------+---------+-------+---------+---------+-------+---------
